AoeStats
← ggeatom

Black Forest

509938444Analyzed
2v2 RM · 3d ago on Sep 28, 2026· 19m 50s· 4 players
Game mode
Random Map
Map size
Medium (4 player)
Population
200
Speed
Normal
Resources
Standard
Victory
Conquest
Starting age
Dark Age
Ending age
Imperial Age
RankedLock teamsTeams togetherTeam positionsShared explorationLock speedFull tech treeHidden civsTurbo modeCheats
Victory
Defeat
🇹🇷 Danes · Türkiye
1134
+18
1122
+18
🇲🇽 Slavs · Mexico
1191
-18
🇨🇴 Bohemians · Colombia
1162
-18
FreshCarp8370
0:53 Loom
12:23 Feudal Age
20:07 Castle Age
19:06 Double-Bit Axe
19:05 Fishing Lines
Prince Of The Darkness
3:15 Loom
12:15 Feudal Age
16:38 Castle Age
16:17 Double-Bit Axe
17:31 Bow Saw
17:10 Horse Collar
19:29 Fletching
ggeatom
7:39 Loom
12:45 Feudal Age
13:46 Town Watch
17:29 Castle Age
15:20 Double-Bit Axe
16:25 Horse Collar
hdperezn
0:54 Loom
12:47 Feudal Age
17:38 Castle Age
16:10 Double-Bit Axe
16:08 Horse Collar
Connection lost

Rejoining the realm…

Still unreachable

The connection could not be restored.

Session expired

The server has moved on; the page needs a fresh start.